 Dungeon Crawl Stone Soup version 0.23.2-1-ga50397a (webtiles) character file.

Game seed: 7649356955172783097

4981 Fang the Fighter (level 10, -1/66 HPs)
             Began as a Gargoyle Berserker on May 31, 2019.
             Was a High Priest of Trog.
             Slain by a two-headed ogre
             ... wielding a +0 giant spiked club
              (12 damage)
             ... on level 7 of the Dungeon.
             The game lasted 00:07:12 (7341 turns).

Fang the Fighter (Gargoyle Berserker)               Turns: 7341, Time: 00:07:12

Health: -1/66      AC: 28    Str: 25    XL:     10   Next: 53%
Magic:  10/10      EV: 10    Int:  7    God:    Trog [*****.]
Gold:   345        SH:  0    Dex:  9    Spells: 9/9 levels left

rFire    . . .     SeeInvis .   r - +1 executioner's axe (flame)
rCold    . . .     Gourm    .   (shield currently unavailable)
rNeg     + + .     Faith    .   b - +1 plate armour
rPois    ∞         Spirit   .   (no helmet)
rElec    +         Reflect  .   m - +2 cloak {+Inv}
rCorr    .         Harm     .   h - +2 pair of gloves
MR       .....                  (no boots)
Stlth    ..........             (no amulet)
HPRegen  0.21/turn              j - ring of positive energy
MPRegen  0.12/turn              (no ring)

@: no status effects
A: negative energy resistance 1, electricity resistance, unbreathing,
petrification resistance, rot immunity, AC +7
a: Berserk, Trog's Hand, Brothers in Arms, Renounce Religion, Evoke Invisibility


You were on level 7 of the Dungeon.
You worshipped Trog.
Trog was extremely pleased with you.
You were very hungry.

You visited 2 branches of the dungeon, and saw 9 of its levels.

You collected 345 gold pieces.

Inventory:

Hand Weapons
 a - a +0 war axe
 r - a +1 executioner's axe of flaming (weapon)
Armour
 b - a +1 plate armour (worn)
 h - a +2 pair of gloves (worn)
 m - a +2 cloak of invisibility (worn)
Jewellery
 j - a ring of positive energy (left hand)
Wands
 f - a wand of polymorph (9)
 o - a wand of flame (24)
 u - a wand of random effects (6)
 v - a wand of acid (3)
Scrolls
 k - a scroll of magic mapping
 n - 3 scrolls of remove curse
 q - 2 scrolls of teleportation
Potions
 d - a potion of flight
 e - a potion of cancellation
 g - a potion of haste {unknown}
 i - 2 potions of lignification {unknown}
 p - 2 potions of might {unknown}
 s - 2 potions of curing
 t - 2 potions of ambrosia {unknown}
 w - a potion of agility {unknown}
 z - a potion of resistance {unknown}
Comestibles
 c - 14 rations
 l - 2 chunks of flesh


   Skills:
 + Level 9.0 Fighting
 + Level 7.5 Axes
 + Level 8.6 Armour
 + Level 6.5 Dodging


You had 9 spell levels left.
You didn't know any spells.
Your spell library was empty.

Dungeon Overview and Level Annotations

Branches:
Dungeon (8/15)             Temple (1/1) D:4
   Lair: D:8-11

Altars:
Dithmenos
Fedhas
Gozag
Hepliaklqana
Kikubaaqudgha
Nemelex Xobeh
Okawaru
Qazlal
Sif Muna
Uskayaw

Shops:
D:5 :%?%   D:8 (

Annotations:
D:4 3 runed translucent doors, growler's ghost, novice HuTm
D:5 2 transporters, UltraMegaBob's ghost, novice HOFi


Innate Abilities, Weirdness & Mutations

You are resistant to torment.
Your stone body is resilient. (AC +7)
You are immune to poison.
You resist negative energy. (rN+)
You are resistant to electric shocks. (rElec)
You can survive without breathing.
You are immune to petrification.
You are immune to rotting.


Message History

The orc wizard points at you and mumbles some strange words.
The puff of flame misses you.
There is a stone staircase leading up here.
You hit the two-headed ogre. You burn the two-headed ogre.
The two-headed ogre is almost dead.
The two-headed ogre hits you with a +0 giant spiked club!
The two-headed ogre hits you but does no damage.
Your plate armour prevents you from hitting the two-headed ogre.
The two-headed ogre is almost dead.
You recover from your berserk rage.
The two-headed ogre barely misses you.
The two-headed ogre hits you with a +0 giant spiked club.
The two-headed ogre hits you with a +0 giant spiked club!
The two-headed ogre closely misses you.
Your plate armour prevents you from hitting the two-headed ogre.
The two-headed ogre is almost dead.
The two-headed ogre hits you with a +0 giant spiked club!
* * * LOW HITPOINT WARNING * * *
The two-headed ogre hits you with a +0 giant spiked club!
You die...

......#...##....#..###.###.......
........#######..................
######....######..............#.#
###.##.....##...#..#..........
#...##.....#....##............
#.####......>.#...##..........
###.# #........#............##.
#...# #......###...##..........
##.######.......@Oo....)[[.....##
........#.....####.....#.####....
..........##.## #...............
........####.#####.....#.#######.
........##.....#.................
...............#...............##
#...#...##......................#
..#...####.....##................
.##..#####.......................


You could see a two-headed ogre and an orc wizard.

Vanquished Creatures
  A two-headed ogre (D:7)
  Pikel (D:7)
  Joseph (D:7)
  Grinder (D:3)
  4 hogs (D:7)
  A human (D:7)
  An ice beast (D:5)
  3 sky beasts (D:7)
  2 phantoms
  An orc warrior (D:7)
  A necrophage (D:6)
  2 centaurs
  2 ogres
  A big kobold (D:7)
  5 bullfrogs
  A gnoll sergeant (D:6)
  3 scorpions
  3 wights (D:6)
  A howler monkey (D:5)
  A bullfrog zombie (D:6)
  A crimson imp (D:6)
  3 bullfrog skeletons
  2 hounds
  2 jellies
  An orc priest (D:4)
  Crazy Yiuf (D:3)
  3 orc wizards (D:4)
  An iguana (D:5)
  Terence (D:2)
  3 worker ants
  4 hound skeletons
  A worker ant zombie (D:5)
  9 gnolls
  16 adders
  A howler monkey skeleton (D:4)
  2 oozes (D:3)
  2 adder zombies
  3 worms
  6 dart slugs
  6 leopard geckos
  33 orcs
  4 bats
  8 giant cockroaches
  7 hobgoblins
  12 jackals
  11 kobolds
  A quokka (D:7)
  3 ball pythons
  9 frilled lizards
  6 goblins
  2 jackal skeletons
  3 leopard gecko skeletons
  2 quokka zombies
  7 rats
212 creatures vanquished.

Vanquished Creatures (others)
  A slave (D:7)
  An orc (D:7)
2 creatures vanquished.

Grand Total: 214 creatures vanquished

Notes
Turn   | Place    | Note
-------+----------+-------------------------------------------
     0 | D:1      | Fang the Gargoyle Berserker began the quest for the Orb.
     0 | D:1      | Reached XP level 1. HP: 14/14 MP: 1/1
    46 | D:1      | Reached XP level 2. HP: 13/19 MP: 2/2
   135 | D:1      | Reached XP level 3. HP: 8/23 MP: 3/3
   516 | D:1      | Reached ** piety under Trog
   860 | D:2      | Noticed Terence
   877 | D:2      | Killed Terence
   877 | D:2      | Reached XP level 4. HP: 18/29 MP: 4/4
  1237 | D:2      | Reached skill level 4 in Fighting
  1716 | D:2      | Found an iron altar of Okawaru.
  1900 | D:3      | Reached XP level 5. HP: 29/33 MP: 5/5
  2271 | D:3      | Reached *** piety under Trog
  2358 | D:3      | Noticed Grinder
  2359 | D:3      | Paralysed by Grinder for 5 turns
  2366 | D:3      | Paralysed by Grinder for 2 turns
  2374 | D:3      | Killed Grinder
  2374 | D:3      | Reached skill level 5 in Fighting
  2374 | D:3      | Reached XP level 6. HP: 40/40 MP: 6/6
  2571 | D:3      | Reached XP level 7. HP: 44/44 MP: 7/7
  2935 | D:3      | Found a runed translucent door.
  2936 | D:3      | Noticed Crazy Yiuf
  2943 | D:3      | Killed Crazy Yiuf
  3065 | D:4      | Received a gift from Trog
  3409 | D:4      | Found a blossoming altar of Fedhas.
  3409 | D:4      | Found an ancient bone altar of Kikubaaqudgha.
  3466 | D:4      | Found a runed translucent gate.
  3466 | D:4      | Found a runed translucent gate.
  3467 | D:4      | Found an opulent altar of Gozag.
  3469 | D:4      | Found a runed translucent gate.
  3470 | D:4      | Noticed growler's ghost (novice HuTm)
  3597 | D:4      | Reached skill level 5 in Armour
  3609 | D:4      | Found a staircase to the Ecumenical Temple.
  3620 | Temple   | Entered the Ecumenical Temple
  3798 | D:4      | Reached **** piety under Trog
  4031 | D:5      | Entered Level 5 of the Dungeon
  4036 | D:5      | Reached XP level 8. HP: 49/51 MP: 8/8
  4073 | D:5      | Reached skill level 6 in Fighting
  4092 | D:5      | Found a hazy altar of Hepliaklqana.
  4092 | D:5      | Found a sparkling altar of Nemelex Xobeh.
  4093 | D:5      | Found a stormy altar of Qazlal.
  4106 | D:5      | Reached skill level 5 in Axes
  4181 | D:5      | Found a transporter.
  4299 | D:5      | Noticed UltraMegaBob's ghost (novice HOFi)
  4302 | D:5      | Found a transporter.
  4327 | D:5      | Found Saeniuc's Book Boutique.
  4329 | D:5      | Found Ypsuli's Magic Scroll Boutique.
  4331 | D:5      | Found Feklil's Food Boutique.
  4332 | D:5      | Found Lixaisak's Food Boutique.
  4473 | D:5      | Found a shadowy altar of Dithmenos.
  5453 | D:6      | Reached XP level 9. HP: 56/56 MP: 9/9
  5459 | D:6      | Reached skill level 7 in Fighting
  5464 | D:6      | Reached skill level 5 in Dodging
  5517 | D:6      | Reached ***** piety under Trog
  5731 | D:6      | Received a gift from Trog
  6406 | D:7      | Noticed a two-headed ogre
  6412 | D:7      | Killed a two-headed ogre
  6412 | D:7      | Reached skill level 8 in Fighting
  6440 | D:7      | Noticed Pikel
  6450 | D:7      | Noticed Joseph
  6476 | D:7      | Killed Pikel
  6476 | D:7      | Reached XP level 10. HP: 30/65 MP: 10/10
  6488 | D:7      | Killed Joseph
  6898 | D:7      | Reached skill level 9 in Fighting
  7167 | D:7      | Found a deep blue altar of Sif Muna.
  7293 | D:8      | Found Cebusis's Weapon Shoppe.
  7293 | D:8      | Found a hide-covered altar of Uskayaw.
  7293 | D:8      | Noticed a two-headed ogre
  7341 | D:7      | Slain by a two-headed ogre

Skill      XL: |  1  2  3  4  5  6  7  8  9 10 |
---------------+-------------------------------+-----
Axes           | 3 4 5 7 |  7.5
Dodging        | 2 3 4 6 |  6.5
Armour         | 3 4 5 6 8 |  8.6
Fighting       | 4 5 6 8 9 |  9.0

Action                   |  1- 3 |  4- 6 |  7- 9 | 10-12 || total
-------------------------+-------+-------+-------+-------++-------
Melee: Hand axe          |    65 |   221 |    75 |       ||   361
       War axe           |       |       |   327 |       ||   327
       Executioner's axe |       |       |   111 |    67 ||   178
Invok: Berserk           |     3 |     2 |     3 |     2 ||    10
       Trog's Hand       |       |       |       |     2 ||     2
  Use: Scroll            |     3 |     2 |     6 |     3 ||    14
 Stab: Sleeping          |     1 |       |       |       ||     1
  Eat: Chunk             |     2 |     8 |    17 |     4 ||    31
Armor: Animal skin       |    23 |    48 |       |       ||    71
       Chain mail        |       |   106 |   465 |    15 ||   586
       Plate armour      |       |       |       |    72 ||    72
       Skin              |       |       |       |     2 ||     2
Dodge: Dodged            |    64 |   143 |   318 |    64 ||   589
